 Dungeon Sprint DCSS version 0.31-a0-1074-g0b22e4e0f1 (webtiles) character file.

Game seed: 17520330660681565149

1281 tbh1313 the Bludgeoner (level 8, 0/138 HPs)
             Began as an Ogre Berserker on Nov 28, 2023.
             Was an Elder of Trog.
             Slain by a centaur warrior (3 damage)
             ... in the Dungeon (Sprint I: "Red Sonja").
             The game lasted 00:02:29 (441 turns).

tbh1313 the Bludgeoner (Ogre Berserker)              Turns: 441, Time: 00:02:30

Health: 0/138      AC:  3    Str: 24    XL:     8   Next: 54%
Magic:  8/8        EV: 10    Int:  8    God:    Trog [****..]
Gold:   276        SH:  0    Dex:  8    Spells: 7/7 levels left

rFire   . . .        a - +0 giant club
rCold   . . .        (shield currently unavailable)
rNeg    . . .        j - +0 robe
rPois   .            (helmet restricted)
rElec   .            (no cloak)
rCorr   .            (gloves unavailable)
SInv    .            (boots unavailable)
Will    .....        (no amulet) Stlth
                     (no ring)
HPRegen 0.43/turn    (no ring)
MPRegen 0.11/turn

%: no teleportation
@: berserking, very quick
A: large, unfitting armour, tough skin 1
a: Renounce Religion, Berserk, Trog's Hand, Brothers in Arms


You were in the Dungeon.
You worshipped Trog.
Trog was greatly pleased with you.
You visited 1 branch You collected 423 gold pieces.
You spent 147 gold pieces at shops.

Inventory:

Hand Weapons
 a - a +0 giant club (weapon)
Armour
 j - a +0 robe (worn)
Jewellery
 k - the ring "Mawydd" {Fly rPois rF- rC+ Str+5}
   (You bought it in a shop in the Dungeon)

   [ring of flight]

   Str+5:     It affects your strength (+5).
   rF-:       It makes you vulnerable to fire.
   rC+:       It protects you from cold.
   rPois:     It protects you from poison Fly: It grants you flight.
Wands
 i - a wand of charming (9)
Scrolls
 b - a scroll of fear
 h - a scroll of blinking
Potions
 c - a potion of curing
 d - a potion of heal wounds
 e - a potion of haste
 f - 2 potions of magic
 g - a potion of berserk rage


   Skills:
 + Level 9.3 Fighting
 + Level 15.3 Maces & Flails
 - Level 5.0 Dodging


You had 7 spell levels left.
You didn't know any spells.
Your spell library was empty.

Dungeon Overview and Level Annotations

Branches:
Dungeon (1/1)

Altars:
Cheibriados
Dithmenos
Elyvilon
Fedhas
Gozag
Hepliaklqana
Kikubaaqudgha
Makhleb
Nemelex Xobeh
Okawaru
Qazlal
Ru
Sif Muna
Trog
Uskayaw
Vehumet
Wu Jian
Xom
Yredelemnul
Zin
The Shining One
Jiyva
Lugonu

Shops:
D *


Innate Abilities, Weirdness & Mutations

You are too large for most types of armour.
You have tough skin. (AC +1)


Message History

You open the door. 2 centaur warriors come into view.
The centaur warrior moves out of view. x2
Found a scroll labelled NALULO UG HIMP and 11 gold pieces.
What are your orders? t - Shout!
Orders for allies: a - Attack new target. r - Retreat! s - Stop attacking. g - Guard the area. f - Follow me.
Anything else - Cancel.
You shout for attention!
You hear a shout!
The centaur warrior shouts!
You close the door.
A centaur warrior opens the door.
The centaur warrior wields a +0 shortbow.
The centaur warrior shoots an arrow.
The arrow hits you!!
The centaur warrior unwields a +0 shortbow.
The centaur warrior hits you! The centaur warrior kicks you.
There is an open door, spattered with blood here.
A red film seems to cover your vision as you go berserk!
You feel yourself moving faster!
You feel mighty! The centaur warrior hits you! The centaur warrior kicks you.
The centaur warrior hits you! The centaur warrior closely misses you.
The centaur warrior hits you!
The centaur warrior kicks you but does no damage.
You sock the centaur warrior!
The centaur warrior is moderately wounded.
The centaur warrior hits you! The centaur warrior misses you.
The centaur warrior hits you!
* * * LOW HITPOINT WARNING * * *
The centaur warrior closely misses you. The centaur warrior hits you!
* * * LOW HITPOINT WARNING * * *
The centaur warrior kicks you but does no damage.
You beat the centaur warrior like a drum!!!
You feel the power of Trog in you as your rage grows.
You kill the centaur warrior!
Trog accepts your kill.
You hear a splash.
The centaur warrior hits you!
* * * LOW HITPOINT WARNING * * *
The centaur warrior kicks you.
You die...

##########################
#<.#..)..#.['..#__#..)...#
#..)..#..'..#..'..'.)#...#
#..#####'#####'#__####...+
#..####..#...#.####?$#####
#..#__####..##.#§§§..#
#..#_____##'#_.@§§§§§
#⌠⌠#_.∩...'..._#c~§.§#
####_..__##_.#'##+####
#_____###+#)# ####### ###


You could see a centaur warrior.

Levels and vault maps discovered:
D:        dungeon_sprint_1 [red_sonja_temple_1, red_sonja_temple_small_1]

Notes
Turn   | Place    | Note
-------+----------+-------------------------------------------
     0 | D        | tbh1313 the Ogre Berserker began the quest for the Orb.
     0 | D        | Reached XP level 1. HP: 24/24 MP: 1/1
     1 | D        | Noticed Ijyb
     5 | D        | Killed Ijyb
     6 | D        | Reached skill level 5 in Maces & Flails
     6 | D        | Reached XP level 2. HP: 32/32 MP: 2/2
     6 | D        | Reached XP level 3. HP: 39/39 MP: 3/3
    59 | D        | Noticed an ogre
    64 | D        | Killed an ogre
    65 | D        | Reached skill level 8 in Maces & Flails
    65 | D        | Reached XP level 4. HP: 48/48 MP: 4/4
   121 | D        | Noticed Sigmund
   125 | D        | Killed Sigmund
   125 | D        | Reached ** piety under Trog
   126 | D        | Reached skill level 11 in Maces & Flails
   126 | D        | Reached XP level 5. HP: 54/54 MP: 5/5
   126 | D        | Reached XP level 6. HP: 62/62 MP: 6/6
   168 | D        | Found an ornate altar of the Wu Jian Council.
   168 | D        | Found a shimmering blue altar of Sif Muna.
   170 | D        | Found a radiant altar of Vehumet.
   201 | D        | Found Umeac's Assorted Antiques.
   201 | D        | Found an ancient bone altar of Kikubaaqudgha.
   201 | D        | Found a hazy altar of Hepliaklqana.
   201 | D        | Found a stormy altar of Qazlal.
   201 | D        | Found a hide-covered altar of Uskayaw.
   201 | D        | Found a blossoming altar of Fedhas.
   201 | D        | Found a bloodstained altar of Trog.
   201 | D        | Found an iron altar of Okawaru.
   201 | D        | Found a basalt altar of Yredelemnul.
   201 | D        | Found a glowing golden altar of the Shining One.
   201 | D        | Found a snail-covered altar of Cheibriados.
   201 | D        | Found a sacrificial altar of Ru.
   201 | D        | Found a glowing silver altar of Zin.
   201 | D        | Found a shadowy altar of Dithmenos.
   201 | D        | Found a white marble altar of Elyvilon.
   201 | D        | Noticed a yak
   202 | D        | Killed a yak
   203 | D        | Reached skill level 13 in Maces & Flails
   203 | D        | Found an opulent altar of Gozag.
   204 | D        | Found a sparkling altar of Nemelex Xobeh.
   208 | D        | Bought a scroll labelled JUXUELL JYESMEU for 21 gold pieces
   208 | D        | Bought a faintly glowing ivory ring for 105 gold pieces
   208 | D        | Identified the ring "Mawydd" {Fly rPois rF- rC+ Str+5} (You
                  | bought it in a shop in the Dungeon)
   208 | D        | Bought a scroll labelled LUONO EKLUITITHRISH for 21 gold
                  | pieces
   220 | D        | Found a burning altar of Makhleb.
   220 | D        | Found a viscous altar of Jiyva.
   220 | D        | Found a shimmering altar of Xom.
   220 | D        | Found a corrupted altar of Lugonu.
   220 | D        | Noticed a slime creature
   228 | D        | Killed a slime creature
   229 | D        | Reached skill level 14 in Maces & Flails
   229 | D        | Reached XP level 7. HP: 44/70 MP: 7/7
   366 | D        | Noticed a kobold demonologist
   366 | D        | Noticed a glass eye
   367 | D        | Noticed a kobold demonologist
   375 | D        | Killed a glass eye
   375 | D        | Reached *** piety under Trog
   381 | D        | Noticed a soul eater
   382 | D        | Killed a kobold demonologist
   383 | D        | Reached skill level 5 in Dodging
   383 | D        | Reached XP level 8. HP: 88/88 MP: 8/8
   388 | D        | Killed a kobold demonologist
   388 | D        | Reached **** piety under Trog
   389 | D        | Reached skill level 15 in Maces & Flails
   433 | D        | Noticed a centaur warrior
   433 | D        | Noticed a centaur warrior
   441 | D        | Killed a centaur warrior
   441 | D        | HP: 3/138 [centaur warrior (12)]
   441 | D        | Slain by a centaur warrior

Table legend: (Time is in decaauts)
 A = Elapsed time spent in this place.
 B = Non-inter-level travel time spent in this place.
 C = Inter-level travel time spent in this place.
 D = Time resting spent in this place.
 E = Time spent auto-exploring this place.
 F = Levels seen in this place.
 G = Mean time per level.
                   A        B        C        D        E       F      G
               +--------+--------+--------+--------+--------+-----+--------+
         Total |    486 |    486 |      0 |    314 |      1 |   1 |  486.0 |
       Dungeon |    486 |    486 |      0 |    314 |      1 |   1 |  486.0 |
               +--------+--------+--------+--------+--------+-----+--------+

Top non-repeatable levels by time:
       D: 486 daAuts

Table legend:
 A = Kills in this place as a percentage of kills in the entire game.
 B = Kills by you in this place as a percentage of kills by you in the entire game.
 C = Kills by friends in this place as a percentage of kills by friends in the entire game.
 D = Other kills in this place as a percentage of other kills in the entire game.
 E = Experience gained in this place as a percentage of experience gained in the entire game.
 F = Experience gained in this place divided by the number of levels of this place that you have seen.
                   A       B       C       D       E      F
               +-------+-------+-------+-------+-------+----------------------
         Total | 100.0 | 100.0 |   N/A |   N/A | 100.0 | 2653.0
       Dungeon | 100.0 | 100.0 |   N/A |   N/A | 100.0 | 2653.0
               +-------+-------+-------+-------+-------+----------------------

Action                     |  1- 3 |  4- 6 |  7- 9 || total
---------------------------+-------+-------+-------++-------
  Melee: Mace              |     7 |       |       ||     7
         Giant club        |       |    10 |    23 ||    33
 Invoke: Berserk           |     2 |     2 |     2 ||     6
         Trog's Hand       |       |       |     1 ||     1
    Use: Scroll            |       |     1 |       ||     1
 Armour: Animal skin       |     1 |     2 |       ||     3
         Robe              |       |     4 |    15 ||    19
  Dodge: Dodged            |     2 |     3 |     6 ||    11

Vanquished Creatures
  A centaur warrior (D)
  2 kobold demonologists (D)
  A glass eye (D)
  A slime creature (D)
  Sigmund (D)
  A yak (D)
  An ogre (D)
  A jelly (D)
  Ijyb (D)
10 creatures vanquished.
